 Dungeon Crawl Stone Soup version 0.32-a0-913-g739538afd8 (webtiles) character file.

Game seed: 17225914504614190164

749 xianbchi the Covert (level 7, -3/46 HPs)
             Began as an Octopode Brigand on Apr 9, 2024.
             Slain by an ogre
             ... wielding a +0 giant club
              (12 damage)
             ... on level 5 of the Dungeon.
             The game lasted 00:13:45 (3777 turns).

xianbchi the Covert (Octopode Brigand)              Turns: 3777, Time: 00:13:45

Health: -3/46      AC:  1    Str: 11    XL:     7   Next: 78%
Magic:  0/7        EV: 18    Int: 13    God:
Gold:   171        SH:  0    Dex: 15    Spells: 6/6 levels left

rFire   . . .        a - +2 dagger
rCold   . . .        (no shield)
rNeg    . . .        (helmet restricted)
rPois   .            l - amulet of guardian spirit
rElec   .            g - +5 ring of evasion
rCorr   .            (no ring)
SInv    .            (no ring)
Will    .....        (no ring)
Stlth   +++++        (no ring)
HPRegen 0.27/turn    (no ring)
MPRegen 0.10/turn    (no ring)
                     (no ring)

%: guardian spirit
@: no status effects
A: almost no armour, amphibious, 8 rings, camouflage 1, gelatinous body 1,
(nimble swimmer 1), tentacles
a: no special abilities


You were on level 5 of the Dungeon.
You visited 1 branch of the dungeon, and saw 5 of its levels.

You collected 171 gold pieces.

Inventory:

Hand Weapons
 a - a +2 dagger (weapon)
Missiles
 c - 3 curare-tipped darts (quivered)
 m - 11 poisoned darts
 v - 4 boomerangs
Jewellery
 g - a +5 ring of evasion (left tentacle)
 l - an amulet of guardian spirit (around mantle)
 p - an amulet of magic regeneration
Wands
 b - a wand of paralysis (7)
 y - a wand of polymorph (8)
Scrolls
 e - 4 scrolls of identify {unknown}
 f - a scroll of revelation {unknown}
 h - 2 scrolls of noise {unknown}
 n - a scroll of vulnerability {unknown}
 q - a scroll of fear {unknown}
 s - a scroll of amnesia {unknown}
 t - a scroll of enchant weapon {unknown}
 u - a scroll of blinking {unknown}
Potions
 d - a potion of invisibility {unknown}
 i - 2 potions of brilliance {unknown}
 j - 4 potions of might {unknown}
 k - 2 potions of degeneration {unknown}
 o - 2 potions of ambrosia {unknown}
 r - a potion of attraction {unknown}
 w - a potion of curing {unknown}
 x - 3 potions of cancellation {unknown}
 z - 3 potions of heal wounds {unknown}


   Skills:
 + Level 3.0 Fighting
 + Level 4.4 Short Blades
 + Level 2.5 Throwing
 + Level 3.2 Dodging
 + Level 9.8 Stealth


You had 6 spell levels left.
You didn't know any spells.
Your spell library contained the following spells:

 Spells                   Type           Power      Damage    Failure   Level
 Summon Small Mammal      Summ           0%         N/A       30%         1
 Call Canine Familiar     Summ           0%         N/A       67%         3
 Summon Ice Beast         Ice/Summ       0%         N/A       67%         3
 Summon Blazeheart Golem  Fire/Summ      0%         N/A       97%         4
 Summon Horrible Things   Summ           0%         N/A       100%        8


Dungeon Overview and Level Annotations

Branches:
Dungeon (5/15)
 Temple: D:4-7

Altars:


Innate Abilities, Weirdness & Mutations

You cannot wear most types of armour.
You are amphibious.
You can wear up to eight rings at the same time.
Your skin changes colour to match your surroundings (Stealth+).
Your rubbery body absorbs attacks. (AC +1, EV +1)
((You are camouflaged when in or above water. (Stealth+)))
You have tentacles for arms and can constrict up to eight enemies at once.


Message History

You constrict the gnoll.
You kill the gnoll!
The gnoll closely misses you. The ogre completely misses you.
Things that are here:
a +0 halberd; a gnoll corpse You hit the ogre but do no damage.
The gnoll closely misses you.
Unknown command.
You hit the ogre but do no damage. The ogre barely misses you.
The gnoll misses you.
You completely miss the ogre. The gnoll misses you. The ogre misses you.
Unknown command.
You hit the ogre.
The ogre is lightly wounded.
The gnoll misses you.
You hit the ogre. You squeeze the ogre.
The ogre is moderately wounded.
Unknown command.
You hit the ogre but do no damage.
The ogre is moderately wounded.
The ogre misses you. The gnoll misses you.
You hit the ogre.
The ogre is moderately wounded.
The gnoll misses you. The ogre misses you.
Unknown command.
You hit the ogre but do no damage.
The ogre is moderately wounded.
The gnoll completely misses you.
You hit the ogre.
The ogre is moderately wounded.
The ogre hits you with a +0 giant club!
You hit the ogre. You squeeze the ogre!
The ogre is severely wounded.
The gnoll barely misses you.
Unknown command.
You hit the ogre but do no damage.
The ogre is severely wounded.
The gnoll hits you with a +0 flail!
* * * LOW HITPOINT WARNING * * *
The ogre hits you with a +0 giant club!
You die...

..... # #...### .# #....##
..#. # #....###..... ..#
#............
....##..†........
......g..........
.####Ogg.....#.. #.
#@#......# ... #..
#.##....... ......
..###.##..#.....
......##.##.....##.##..
.......#.##.)...# .. ..
..........#.#..##.. #
....................
...........#........
..)..........................


You could see an ogre and 3 gnolls.

Vanquished Creatures
  Menkaure (D:4)
  A phantom (D:4)
  A scorpion (D:5)
  A jelly (D:5)
  3 hounds
  Ijyb (D:3)
  A sleepcap (D:5)
  An orc wizard (D:4)
  3 iguanas
  A gnoll (D:5)
  7 adders
  A white imp (D:5)
  15 dart slugs
  6 orcs
  9 ball pythons
  3 bats
  11 endoplasms
  4 giant cockroaches
  10 goblins
  9 hobgoblins
  7 jackals
  4 quokkas
  6 frilled lizards
  7 kobolds
  5 rats
118 creatures vanquished.

Notes
Turn   | Place    | Note
-------+----------+-------------------------------------------
     0 | D:1      | xianbchi the Octopode Brigand began the quest for the Orb.
     0 | D:1      | Reached XP level 1. HP: 14/14 MP: 1/1
   142 | D:1      | Reached skill level 6 in Stealth
   142 | D:1      | Reached XP level 2. HP: 19/19 MP: 2/2
   286 | D:1      | Reached XP level 3. HP: 24/24 MP: 3/3
   326 | D:1      | Got the Exposition on Production
   541 | D:1      | Found a faded altar of an unknown god.
   801 | D:2      | Reached skill level 7 in Stealth
   801 | D:2      | Reached XP level 4. HP: 29/29 MP: 4/4
  1751 | D:3      | Reached XP level 5. HP: 34/34 MP: 5/5
  1766 | D:3      | Noticed Ijyb
  1789 | D:3      | Paralysed by Ijyb for 4 turns
  1802 | D:3      | Paralysed by Ijyb for 3 turns
  1811 | D:3      | Killed Ijyb
  1812 | D:3      | Reached skill level 8 in Stealth
  2215 | D:3      | Reached XP level 6. HP: 41/41 MP: 6/6
  2774 | D:4      | Noticed Menkaure
  2811 | D:4      | Killed Menkaure
  2932 | D:4      | Reached skill level 9 in Stealth
  2932 | D:4      | Reached XP level 7. HP: 20/45 MP: 4/7
  3637 | D:5      | Entered Level 5 of the Dungeon
  3777 | D:5      | Slain by an ogre

Illustrated notes

Levels and vault maps discovered:
D:1:      mrwooster_arrival_statue, layout_basic,
          shapermc_ecumenical_altar_mp_urbaneastern
D:2:      layout_basic, minmay_bisected
D:3:      kennysheep_slugbush, layout_basic, kennysheep_generic_room_6,
          uniq_ijyb
D:4:      layout_basic, skrybe_limestone_x, kennysheep_generic_room_3,
          uniq_menkaure
D:5:      layout_cave_pools, nicolae_tso_besieged_by_evil, marbit_many_paths,
          hellmonk_ghost_happy_afterlife

Skill      XL: |  1  2  3  4  5  6  7 |
---------------+----------------------+-----
Stealth        | 6 7 8 9 |  9.8
Short Blades   | 3 4 |  4.4
Dodging        | 2 3 |  3.2
Fighting       | 3 |  3.0
Throwing       | |  2.5

Action                     |  1- 3 |  4- 6 |  7- 9 || total
---------------------------+-------+-------+-------++-------
  Melee: Dagger            |    58 |   131 |    46 ||   235
         Constrict         |    13 |    29 |    12 ||    54
         Tentacles         |     9 |    31 |    19 ||    59
  Throw: Dart              |     2 |    12 |       ||    14
   Stab: Sleeping          |    18 |    18 |     3 ||    39
 Armour: Skin              |    15 |    56 |    12 ||    83
  Dodge: Dodged            |    25 |    99 |    42 ||   166

Table legend: (Time is in decaauts)
 A = Elapsed time spent in this place.
 B = Non-inter-level travel time spent in this place.
 C = Inter-level travel time spent in this place.
 D = Time resting spent in this place.
 E = Time spent auto-exploring this place.
 F = Levels seen in this place.
 G = Mean time per level.
                   A        B        C        D        E       F      G
               +--------+--------+--------+--------+--------+-----+--------+
         Total |   3739 |   3648 |     91 |      0 |   2554 |   5 |  747.8 |
       Dungeon |   3739 |   3648 |     91 |      0 |   2554 |   5 |  747.8 |
               +--------+--------+--------+--------+--------+-----+--------+

Top non-repeatable levels by time:
     D:2: 1064 daAuts
     D:3: 955 daAuts
     D:4: 933 daAuts
     D:1: 653 daAuts
     D:5: 132 daAuts
